 Dungeon Crawl Stone Soup version 0.31-a0-263-ge8cad7f256 (webtiles) character file.

Game seed: 6742784778148721273

5 benadryl the Magician (level 1, 0/16 HPs)
             Began as a Djinni Ice Elementalist on July 13, 2023.
             Slain by a frilled lizard (1 damage)
             ... on level 1 of the Dungeon.
             The game lasted 00:00:56 (152 turns).

benadryl the Magician (Djinni Ice Elementalist)      Turns: 152, Time: 00:00:56

Health: 0/16       AC:  2    Str:  7    XL:     1   Next: 88%
Gold:   9          EV: 12    Int: 16    God:
                   SH:  0    Dex: 13

rFire   + . .        (no weapon)
rCold   . . .        (no shield)
rNeg    . . .        a - +0 robe
rPois   ∞            (helmet currently unavailable)
rElec   .            (cloak currently unavailable)
rCorr   .            (gloves currently unavailable)
SInv    .            (boots unavailable)
Will    .....        (no amulet)
Stlth   ++           b - ring of ice
HPRegen 0.22/turn    (no ring)
MPRegen 0.00/turn

%: infuse magic (-1 HP)
@: beast-form, flying
A: beast (slay +0), flying, sickness immunity, fire resistance 2, cold
vulnerability 1, float, innate caster, HP casting, extra vitality 1
a: Begin Untransformation


You were on level 1 of the Dungeon.
You were a hulking beast.
You visited 1 branch of the dungeon, and saw 1 of its levels.

You collected 9 gold pieces.

Inventory:

Armour
 a - a +0 robe (worn)
Jewellery
 b - a ring of ice (left hand)
Talismans
 e - a beast talisman
Scrolls
 f - a scroll of immolation {unknown}
Potions
 d - a potion of haste {unknown}


   Skills:
 + Level 0.4 Fighting
 - Level 2.1 Dodging
 - Level 1.5 Stealth
 * Level 3.5 Spellcasting
 * Level 3.5 Conjurations
 * Level 3.5 Hexes
   Level 0.0 Charms
 * Level 3.5 Summonings
 * Level 3.5 Necromancy
 * Level 3.5 Translocations
 * Level 3.5 Transmutations
 * Level 3.5 Fire Magic
 * Level 3.5 Ice Magic
 * Level 3.5 Air Magic
 * Level 3.5 Earth Magic
 * Level 3.5 Poison Magic


You knew the following spells:

 Your Spells              Type           Power      Damage    Failure   Level
a - Freeze                Ice            84%        1d9       4%          1
b - Frozen Ramparts       Ice            42%        1d7       13%         3
c - Ozocubu's Armour      Ice            21%        N/A       13%         3
d - Summon Ice Beast      Ice/Summ       21%        N/A       38%         4
Your spell library was empty.

Dungeon Overview and Level Annotations

Branches:
Dungeon (1/15)

Altars:


Innate Abilities, Weirdness & Mutations

You are a hulking beast.
Your limbs bulge with bestial killing power. (Slay +0)
You are flying.
You are immune to sickness and miasma.
You are immune to poison.
Your flesh is very heat resistant. (rF++)
You are vulnerable to cold. (rC-)
You float through the air rather than walking.
You learn spells naturally, not from books.
Your magical power is your life essence.
You have superior vitality. (+4 MHP)


Message History

The kobold hits you with a +0 dagger.
Aiming: Freeze (safe; 4% risk of failure)
Press: ? - help, Q - select action Shift-Dir - straight line, f/p - kobold
Aim: a kobold, wielding a +0 dagger (heavily wounded)
You feel a surge of power!
You freeze the kobold.
You kill the kobold!
A goblin comes into view. It is wielding a +0 club.
The bat hits you.
Aiming: Freeze (safe; 4% risk of failure)
Press: ? - help, Q - select action Shift-Dir - straight line, f - bat
Aim: a bat You feel a surge of power!
You freeze the bat!
You kill the bat!
Aiming: Freeze (safe; 4% risk of failure)
Press: ? - help, Q - select action Shift-Dir - straight line, f - rat
Aim: a rat You feel a surge of power!
You freeze the rat.
The rat is heavily wounded.
* * * LOW HITPOINT WARNING * * *
The rat bites you.
* * * LOW HITPOINT WARNING * * *
Aiming: Freeze (safe; 4% risk of failure)
Press: ? - help, Q - select action Shift-Dir - straight line, f/p - rat
Aim: a rat (heavily wounded)
You feel a surge of power!
You freeze the rat.
You kill the rat!
* * * LOW HITPOINT WARNING * * *
Your magical contamination has completely faded away.
The frilled lizard bites you but does no damage.
You miss the frilled lizard. The frilled lizard misses you.
You miss the frilled lizard. The frilled lizard bites you.
* * * LOW HITPOINT WARNING * * *
You hit the frilled lizard.
The frilled lizard is heavily wounded.
The frilled lizard unfolds its giant frill.
The frilled lizard bites you.
* * * LOW HITPOINT WARNING * * *
It was a potion of magic.
Magic washes over you without effect. The frilled lizard bites you.
You die...

#..#g######>
##..........
#....######.#.
#.#............
#..#....####..
#..#>###.#..
#.### #g#.# #.
#l#.### # #h#.#.#
###.#.#P# #####
#.....# ##....
###...# #.....
###.#
#######..... #.#
#...........
##.###.######....
##.#.##.# #...)
##.###.#.# #....


You could see a goblin and a frilled lizard.

Vanquished Creatures
  A dart slug (D:1)
  A kobold (D:1)
  A bat (D:1)
  A rat (D:1)
4 creatures vanquished.

Notes
Turn   | Place    | Note
-------+----------+-------------------------------------------
     0 | D:1      | benadryl the Djinni Ice Elementalist began the quest for
                  | the Orb.
     0 | D:1      | benadryl set off with the following spells memorised:
                  | Freeze, Frozen Ramparts, Ozocubu's Armour, Summon Ice
                  | Beast.
     0 | D:1      | Reached XP level 1. HP: 15/15 MP: 0/0
   152 | D:1      | Slain by a frilled lizard

Illustrated notes

Levels and vault maps discovered:
D:1:      minmay_arrival_hallway, layout_loops_ring,
          hellmonk_ecumenical_altar_defaced_shrine, serial_aquarium,
          aquarium_bridge_square [aquarium_subvault_bridge,
          aquarium_subvault_wall, aquarium_subvault_balcony,
          aquarium_subvault_window], aquarium_bridge_square
          [aquarium_subvault_bridge, aquarium_subvault_bridge,
          aquarium_subvault_bridge, aquarium_subvault_balcony],
          aquarium_window_corridor_3, aquarium_window_fake, aquarium_view_2e,
          minivault_14

Action                     || total
---------------------------++-------
  Melee: Unarmed           ||    10
   Cast: Freeze            ||     8
    Use: Potion            ||     1
 Armour: Robe              ||     1
  Dodge: Dodged            ||     5
   Form: Beast             ||     1

Table legend: (Time is in decaauts)
 A = Elapsed time spent in this place.
 B = Non-inter-level travel time spent in this place.
 C = Inter-level travel time spent in this place.
 D = Time resting spent in this place.
 E = Time spent auto-exploring this place.
 F = Levels seen in this place.
 G = Mean time per level.
                   A        B        C        D        E       F      G
               +--------+--------+--------+--------+--------+-----+--------+
         Total |    151 |    151 |      0 |      0 |     91 |   1 |  151.0 |
       Dungeon |    151 |    151 |      0 |      0 |     91 |   1 |  151.0 |
               +--------+--------+--------+--------+--------+-----+--------+

Top non-repeatable levels by time:
     D:1: 151 daAuts
